 Dungeon Sprint DCSS version 0.26-a0-651-gb41185065b (webtiles) character file.

Game seed: 903007456519784775

6500000 Apogee the Axe Maniac (level 27, -66/249 HPs)
             Began as a Formicid Fighter on Oct 8, 2020.
             Was the Champion of Makhleb.
             Annihilated by a meat berserker
             ... wielding a +9 battleaxe
              (91 damage)
             ... in the Dungeon (Sprint VIII: "Arena of Blood").
             The game lasted 00:04:54 (65 turns).

Apogee the Axe Maniac (Formicid Fighter)              Turns: 65, Time: 00:04:55

Health: -66/249    AC: 13    Str: 32    XL:     27
Magic:  28/54      EV: 24    Int: 10    God:    Makhleb [******]
Gold:   0          SH: 19    Dex: 10    Spells: 80/80 levels left

rFire    . . .     SeeInvis +   h - +∞ Axe of Woe
rCold    . . .     Faith    .   c - +0 kite shield
rNeg     . . .     Spirit   .   b - +0 scale mail
rPois    .         Reflect  .   (helmet unavailable)
rElec    .         Harm     .   (no cloak)
rCorr    .         Rampage  .   (no gloves)
MR       ++...                  (no boots)
Stlth    ++++++++..             (no amulet)
HPRegen  0.51/turn              i - +200 ring of slaying
MPRegen  0.34/turn              (no ring)

@: marked
A: permanent stasis, dig shafts and tunnels, four strong arms, antennae 3
a: Dig, Minor Destruction, Lesser Servant of Makhleb, Major Destruction, Greater
Servant of Makhleb, Renounce Religion


You were in the Dungeon.
You worshipped Makhleb.
Makhleb was exalted by your worship.
You visited 1 branch

Inventory:

Hand Weapons
 a - a +0 war axe
 h - the +∞ Axe of Woe (weapon)
   (You found it in the Dungeon)
Armour
 b - a +0 scale mail (worn)
 c - a +0 kite shield (worn)
Jewellery
 i - a +200 ring of slaying (left hand)
   (You took it off a vampire knight in the Dungeon)
Potions
 d - a potion of might
 e - a potion of curing {@q1}
 f - a potion of heal wounds {@q2}
 g - 2 potions of magic


   Skills:
 O Level 27 Fighting
 O Level 27 Axes
 O Level 27 Throwing
 O Level 27 Armour
 O Level 27 Dodging
 O Level 27 Stealth
 O Level 27 Shields
 O Level 27 Unarmed Combat
 O Level 27 Spellcasting
 O Level 27 Invocations


You had 80 spell levels left.
You didn't know any spells.
Your spell library was empty.

Dungeon Overview and Level Annotations

Branches:
Dungeon (1/1)

Altars:
Makhleb

Annotations:
D The Captor, The Servant


Innate Abilities, Weirdness & Mutations

You cannot be hasted, slowed, berserked, paralysed or teleported.
You can dig through walls and to a lower floor.
Your four strong arms can wield two-handed weapons with a shield.
You have a pair of large antennae on your head. (SInv)


Message History

The meat berserker rages.
You hear a shout!
A meat berserker comes into view. It is wielding a +9 battleaxe.
You hear a shout! x3; You hear two shouts!
You hear a shout! x3
You don't know any spells.
Here: The Captor, wielding a +9 vorpal triple sword and wearing a +200 ring of slaying (fast)
The floor.
You are engulfed in blazing flames.
You hear a shout! x3
The eight-headed meat hydra calls on the powers of darkness!
The eight-headed meat hydra convulses!
The large bag of meat convulses!
Flame seeps out of the large bag of meat.
The meat berserker convulses!
The large bag of meat convulses!
Flame seeps out of the large bag of meat.
Your body is wracked with pain!
* * * LOW HITPOINT WARNING * * *
You hear a shout! x2
The Captor gestures at you while chanting.
A sentinel's mark forms upon you.
You hear a shout! x4
The large bag of meat is engulfed in blazing flames. x2
You block the large bag of meat's attack.
The large bag of meat hits you with a +9 giant spiked club!!!
* * * LOW HITPOINT WARNING * * *
You hear a shout! x6; You hear two shouts!
You hear a shout! x21
You hear two shouts!
You hear a shout!
You hear two shouts! x2
You hear a shout! x17; You hear two shouts!
You hear a shout! x2
You hear two shouts!
You hear a shout! x21
There is a burning altar of Makhleb, spattered with blood here.
Items here: )))) ==== †. 2 orcs come into view.
You are engulfed in blazing flames.
* * * LOW HITPOINT WARNING * * *
You hear a shout! x15; You hear a roar!
You hear a shout!
You hear two shouts!
You hear a shout! x4
A large bag of meat comes into view. It is wielding a +9 giant spiked club.
You hear a shout! x2
The eight-headed meat hydra calls on the powers of darkness!
The eight-headed meat hydra convulses!
The large bag of meat convulses!
Flame seeps out of the large bag of meat.
The large bag of meat convulses!
Flame seeps out of the large bag of meat.
The meat berserker convulses!
The Captor convulses!
Your body is wracked with pain!
* * * LOW HITPOINT WARNING * * *
The meat berserker convulses!
A bag of meat comes into view. It is wielding a +9 war axe.
The meat berserker is engulfed in blazing flames.
The meat berserker hits you with a +9 battleaxe!!!!
You die...

.................
#...oOo..........
....oo...V.....
........{...§ {
#....{{.# #....{..#
..
...###..)☼°).###...
.......)###))......
#....O..@°☼)@......
......#.OO§)#......
......#_.LO§#......
.....{#X...M# .....
#....{..X_.........
.....X..###D.......
..{###... ...###...
{ #.. ...# .. #.
.o..#


You could see an accursed, a tentacled monstrosity (summoned), a tyrant, an
eight-headed meat hydra, 3 large bags of meat, 2 large abominations, The Captor
(fast), 2 meat berserkers and 4 bags of meat.

Vanquished Creatures
  A greater mummy (D)
  8 vampire knights (D)
  19 ogres (D)
  4 two-headed ogres (D)
  A lich (D)
  21 orcs (D)
54 creatures vanquished.

Notes
Turn   | Place    | Note
-------+----------+-------------------------------------------
     0 | D        | Found the +∞ Axe of Woe
     0 | D        | Apogee the Formicid Fighter began the quest for the Orb.
     0 | D        | Reached XP level 1. HP: 18/18 MP: 1/1
     2 | D        | Noticed a meat berserker
     3 | D        | Noticed a bag of meat
     4 | D        | Became a worshipper of Makhleb the Destroyer
     4 | D        | Noticed a bag of meat
     5 | D        | Noticed a bag of meat
     6 | D        | Killed a meat berserker
     6 | D        | Reached XP level 2. HP: 46/46 MP: 2/2
     6 | D        | Reached XP level 3. HP: 52/52 MP: 3/3
     6 | D        | Reached XP level 4. HP: 59/59 MP: 4/4
     6 | D        | Reached XP level 5. HP: 65/65 MP: 5/5
     6 | D        | Reached XP level 6. HP: 73/73 MP: 6/6
     6 | D        | Reached XP level 7. HP: 79/79 MP: 7/7
     6 | D        | Reached XP level 8. HP: 86/86 MP: 8/8
     6 | D        | Reached XP level 9. HP: 92/92 MP: 9/9
     6 | D        | Reached XP level 10. HP: 99/99 MP: 10/10
     6 | D        | Reached XP level 11. HP: 106/106 MP: 11/11
     6 | D        | Reached XP level 12. HP: 113/113 MP: 12/12
     6 | D        | Reached XP level 13. HP: 119/119 MP: 13/13
     6 | D        | Noticed a meat berserker
     6 | D        | Noticed a bag of meat
     6 | D        | Noticed a bag of meat
     7 | D        | Killed a bag of meat
     7 | D        | Reached * piety under Makhleb
     7 | D        | Reached XP level 14. HP: 130/130 MP: 14/14
     7 | D        | Noticed a meat berserker
     7 | D        | Noticed a bag of meat
     7 | D        | Noticed a bag of meat
     8 | D        | Noticed a bag of meat
     9 | D        | Killed a bag of meat
     9 | D        | Reached XP level 15. HP: 139/139 MP: 15/15
    11 | D        | Killed a meat berserker
    11 | D        | Reached ** piety under Makhleb
    11 | D        | Reached XP level 16. HP: 152/152 MP: 15/25
    12 | D        | Killed a meat berserker
    12 | D        | Reached skill level 27 in Axes
    12 | D        | Reached XP level 17. HP: 162/162 MP: 15/29
    14 | D        | Reached *** piety under Makhleb
    14 | D        | Reached XP level 18. HP: 175/175 MP: 15/31
    16 | D        | Reached skill level 27 in Shields
    16 | D        | Noticed a meat berserker
    17 | D        | Reached skill level 27 in Fighting
    17 | D        | Reached skill level 27 in Armour
    18 | D        | Noticed a meat berserker
    18 | D        | Noticed a meat berserker
    18 | D        | Noticed a meat berserker
    20 | D        | Noticed a meat berserker
    21 | D        | Killed a meat berserker
    21 | D        | Reached **** piety under Makhleb
    21 | D        | Reached skill level 27 in Invocations
    21 | D        | Reached XP level 19. HP: 189/189 MP: 17/36
    22 | D        | Noticed a large bag of meat
    23 | D        | Noticed a large bag of meat
    23 | D        | Killed a meat berserker
    23 | D        | Reached XP level 20. HP: 197/197 MP: 17/37
    23 | D        | Killed a meat berserker
    23 | D        | Noticed a destroyer
    24 | D        | Killed a meat berserker
    24 | D        | Reached ***** piety under Makhleb
    24 | D        | Reached skill level 27 in Dodging
    24 | D        | Reached XP level 21. HP: 204/204 MP: 17/38
    27 | D        | Killed a meat berserker
    27 | D        | Reached skill level 27 in Stealth
    28 | D        | Killed a large bag of meat
    28 | D        | Noticed The Servant
    29 | D        | Reached XP level 22. HP: 212/212 MP: 18/42
    32 | D        | Killed a destroyer
    32 | D        | Reached XP level 23. HP: 219/219 MP: 19/50
    33 | D        | Noticed a destroyer
    33 | D        | Noticed a destroyer
    36 | D        | Noticed a destroyer
    36 | D        | Noticed a large bag of meat
    37 | D        | Noticed a destroyer
    37 | D        | Killed a large bag of meat
    37 | D        | Reached ****** piety under Makhleb
    40 | D        | Killed a destroyer
    40 | D        | Reached skill level 27 in Throwing
    40 | D        | Reached skill level 27 in Unarmed Combat
    40 | D        | Reached skill level 27 in Spellcasting
    40 | D        | Reached XP level 24. HP: 224/227 MP: 21/54
    40 | D        | Killed a destroyer
    41 | D        | Reached XP level 25. HP: 234/234 MP: 21/54
    42 | D        | Noticed a destroyer
    42 | D        | Noticed a destroyer
    44 | D        | Killed a destroyer
    44 | D        | Reached XP level 26. HP: 242/242 MP: 22/54
    44 | D        | Noticed a tyrant
    47 | D        | Noticed an accursed
    49 | D        | Noticed a large bag of meat
    49 | D        | Killed a tyrant
    49 | D        | Killed a destroyer
    49 | D        | Reached XP level 27. HP: 249/249 MP: 23/54
    51 | D        | Killed an accursed
    51 | D        | Noticed a large bag of meat
    53 | D        | Noticed a destroyer
    55 | D        | Noticed a destroyer
    55 | D        | Noticed a large bag of meat
    56 | D        | Killed a destroyer
    56 | D        | Noticed a tyrant
    56 | D        | Noticed a destroyer
    58 | D        | Killed a large bag of meat
    59 | D        | Killed a destroyer
    60 | D        | Noticed The Captor
    61 | D        | Killed a destroyer
    61 | D        | Noticed an accursed
    62 | D        | Killed a large bag of meat
    65 | D        | Noticed a large bag of meat
    65 | D        | Annihilated by a meat berserker

Illustrated notes

Levels and vault maps discovered:
D:        meatsprint

Skill      XL: |  1  2  3  4  5  6  7  8  9 10 11 12 13 14 15 16 17 18 19 20 21 22 23 |
---------------+----------------------------------------------------------------------+-----
Fighting       | 16 18 19 21 22 24 27 | 27.0
Axes           | 20 22 23 26 27 | 27.0
Armour         | 16 18 19 21 22 24 27 | 27.0
Shields        | 17 19 20 22 24 26 27 | 27.0
Invocations    | 12 16 19 27 | 27.0
Dodging        | 14 21 27 | 27.0
Stealth        | 22 27 | 27.0
Throwing       | 16 23 27 | 27.0
Unarmed Combat | 16 23 27 | 27.0
Spellcasting   | 16 23 27 | 27.0

Action                   |  1- 3 |  4- 6 |  7- 9 | 10-12 | 13-15 | 16-18 | 19-21 | 22-24 | 25-27 || total
-------------------------+-------+-------+-------+-------+-------+-------+-------+-------+-------++-------
Melee: Executioner's axe |     1 |       |       |       |     4 |     6 |     5 |     7 |    16 ||    39
Invok: Lesser Servant of |       |       |       |       |       |     1 |       |       |       ||     1
       Major Destruction |       |       |       |       |       |       |       |     1 |     1 ||     2
Block: Kite shield       |       |       |       |       |       |       |       |       |     3 ||     3

Table legend: (Time is in decaauts)
 A = Elapsed time spent in this place.
 B = Non-inter-level travel time spent in this place.
 C = Inter-level travel time spent in this place.
 D = Time resting spent in this place.
 E = Time spent auto-exploring this place.
 F = Levels seen in this place.
 G = Mean time per level.
                   A        B        C        D        E       F      G
               +--------+--------+--------+--------+--------+-----+--------+
         Total |     53 |     53 |      0 |      0 |      0 |   1 |   53.0 |
       Dungeon |     53 |     53 |      0 |      0 |      0 |   1 |   53.0 |
               +--------+--------+--------+--------+--------+-----+--------+

Top non-repeatable levels by time:
       D: 53 daAuts
